 Dungeon Crawl Stone Soup version 0.31-a0-16-g6d2539766c (webtiles) character file.

Game seed: 5942413545263037333

266 bande the Covered (level 6, 0/38 HPs)
             Began as a Gargoyle Fighter on May 9, 2023.
             Killed from afar by Grinder (8 damage)
             ... with a puff of flame
             ... on level 3 of the Dungeon.
             The game lasted 00:04:59 (2148 turns).

bande the Covered (Gargoyle Fighter)                Turns: 2148, Time: 00:05:00

Health: 0/38       AC: 15    Str: 19    XL:     6   Next: 20%
Magic:  0/6        EV:  7    Int:  9    God:
Gold:   1075       SH:  4    Dex: 11    Spells: 5/5 levels left

rFire   . . .        a - +0 war axe (freeze)
rCold   . . .        c - +0 buckler
rNeg    + . .        o - +0 chain mail
rPois   ∞            (no helmet)
rElec   +            (no cloak)
rCorr   .            (no gloves)
SInv    .            l - +0 pair of boots
Will    .....        g - amulet of guardian spirit Stlth
                     (no ring)
HPRegen 0.26/turn    (no ring)
MPRegen 0.10/turn

%: guardian spirit
@: no status effects
A: sickness immunity, AC +4, negative energy resistance 1, electricity
resistance, torment resistance 1, petrification resistance
a: no special abilities


You were on level 3 of the Dungeon.
You visited 1 branch of the dungeon, and saw 3 of its levels.

You collected 1075 gold pieces.

Inventory:

Hand Weapons
 a - a +0 war axe of freezing (weapon)
Armour
 c - a +0 buckler (worn)
 l - a +0 pair of boots (worn)
 o - a +0 chain mail (worn)
Jewellery
 g - an amulet of guardian spirit (around neck)
Scrolls
 j - 2 scrolls of teleportation
Potions
 d - a potion of might
 h - a potion of attraction {unknown}
 k - 3 potions of heal wounds
 n - a potion of mutation {unknown}
 p - a potion of ambrosia {unknown}


   Skills:
 + Level 4.1 Fighting
 + Level 4.0 Axes
 + Level 4.6 Armour
 + Level 4.1 Shields


You had 5 spell levels left.
You didn't know any spells.
Your spell library contained the following spells:

 Spells                   Type           Power      Damage    Failure   Level
 Freeze                   Ice            0%         1d3       99%         1
 Frozen Ramparts          Ice            0%         1d1       100%        3
 Hailstorm                Conj/Ice       0%         3d3       100%        3


Dungeon Overview and Level Annotations

Branches:
Dungeon (3/15)

Altars:
Qazlal

Annotations:
D:3 Grinder


Innate Abilities, Weirdness & Mutations

You are immune to sickness and miasma.
Your stone body is resilient. (AC +4)
You are immune to poison.
You resist negative energy. (rN+)
You are resistant to electric shocks. (rElec)
You are resistant to unholy torment.
You are immune to petrification.


Message History

Pain shoots through your body!
You hit Grinder but do no damage.
Grinder is severely wounded.
Grinder zaps a wand.
The puff of flame hits you but does no damage.
Grinder hits you but does no damage.
You slash Grinder!
Grinder is almost dead.
Grinder hits you.
You closely miss Grinder.
Grinder is almost dead.
Grinder gestures at you.
You suddenly lose the ability to move!
Grinder gestures at you. Pain shoots through your body!
Grinder hits you but does no damage.
Grinder blinks!
Grinder gestures at you. Pain shoots through your body!
You can move again.
Grinder says, "FISH!"
Grinder blinks!
Grinder zaps a wand.
You block the puff of flame.
You closely miss Grinder.
Grinder is almost dead.
Grinder hits you but does no damage. Grinder gestures at you.
Pain shoots through your body!
* * * LOW HITPOINT WARNING * * *
You closely miss Grinder.
Grinder is almost dead.
Grinder hits you.
* * * LOW HITPOINT WARNING * * *
You writhe in agony.
* * * LOW HITPOINT WARNING * * *
You hit Grinder.
Grinder is almost dead.
Grinder blinks!
Grinder zaps a wand.
The puff of flame hits you!
You die...

#.# #.####.####...
####
#.###.............
+...
#.....####.####...
####
##########.####...
# #####.#####..
#####.##### [
#####.##### #.#
#@# #.# #5# #.#
#.# #.. ###


You could see Grinder.

Vanquished Creatures
  Sigmund (D:3)
  Natasha (D:3)
  4 adders
  A dart slug (D:2)
  6 ball pythons
  4 endoplasms
  3 giant cockroaches
  4 goblins
  4 hobgoblins
  2 jackals (D:2)
  2 quokkas
  2 bats (D:1)
  3 frilled lizards
  4 kobolds
  6 rats
47 creatures vanquished.

Notes
Turn   | Place    | Note
-------+----------+-------------------------------------------
     0 | D:1      | bande the Gargoyle Fighter began the quest for the Orb.
     0 | D:1      | Reached XP level 1. HP: 14/14 MP: 1/1
   272 | D:1      | Found a faded altar of an unknown god.
   352 | D:1      | Reached XP level 2. HP: 16/19 MP: 2/2
  1013 | D:1      | Reached XP level 3. HP: 24/24 MP: 3/3
  1287 | D:2      | Found a stormy altar of Qazlal.
  1717 | D:2      | Reached XP level 4. HP: 29/29 MP: 4/4
  1787 | D:2      | Identified a scroll of acquirement
  1787 | D:2      | Acquired 937 gold pieces
  1964 | D:3      | Noticed Natasha
  1971 | D:3      | Killed Natasha
  2028 | D:3      | Noticed Sigmund
  2041 | D:3      | Killed Sigmund
  2042 | D:3      | Reached XP level 5. HP: 32/33 MP: 3/5
  2042 | D:3      | Reached XP level 6. HP: 37/38 MP: 3/6
  2112 | D:3      | Noticed Grinder
  2126 | D:3      | Paralysed by Grinder for 5 turns
  2135 | D:3      | Paralysed by Grinder for 5 turns
  2148 | D:3      | Killed from afar by Grinder

Illustrated notes

Levels and vault maps discovered:
D:1:      erik_arrival_cave_to_civilisation [erik_arrival_cave_to_hall],
          layout_loops_corners, hellmonk_ecumenical_altar_heavens_door,
          corexii_corridor_pit, corexii_corridor_pit, columned_hall_lemuel,
          minmay_statues_item, hangedman_decor_clover_reticule
D:2:      minmay_door_path, layout_loops_cross, basic_altar
D:3:      layout_loops_corners, minmay_misc_feat_plants,
          roderic_cross_of_infinity, hangedman_decor_points,
          reono_crystal_passage, uniq_sigmund, uniq_natasha, uniq_grinder

Skill      XL: |  1  2  3  4 |
---------------+-------------+-----
Axes           | 2 4 |  4.0
Armour         | 4 |  4.6
Fighting       | 4 |  4.1
Shields        | 4 |  4.1

Action                     |  1- 3 |  4- 6 || total
---------------------------+-------+-------++-------
  Melee: War axe           |   126 |    60 ||   186
    Use: Scroll            |       |     8 ||     8
 Armour: Scale mail        |    43 |       ||    43
         Chain mail        |    28 |    39 ||    67
  Dodge: Dodged            |    70 |    14 ||    84
  Block: Buckler           |    27 |    12 ||    39

Table legend: (Time is in decaauts)
 A = Elapsed time spent in this place.
 B = Non-inter-level travel time spent in this place.
 C = Inter-level travel time spent in this place.
 D = Time resting spent in this place.
 E = Time spent auto-exploring this place.
 F = Levels seen in this place.
 G = Mean time per level.
                   A        B        C        D        E       F      G
               +--------+--------+--------+--------+--------+-----+--------+
         Total |   2224 |   2154 |     70 |     26 |   1583 |   3 |  741.3 |
       Dungeon |   2224 |   2154 |     70 |     26 |   1583 |   3 |  741.3 |
               +--------+--------+--------+--------+--------+-----+--------+

Top non-repeatable levels by time:
     D:1: 1161 daAuts
     D:2: 748 daAuts
     D:3: 314 daAuts
